 Dungeon Crawl Stone Soup version 0.17.2-1-ge4368a0 (webtiles) character file.

151 Goblin1989 the Chopper (level 5, 0/46 HPs)
             Began as a Hill Orc Gladiator on Aug 5, 2016.
             Slain by a worker ant (1 damage)
             ... on level 5 of the Dungeon.
             The game lasted 00:03:39 (2308 turns).

Goblin1989 the Chopper (Hill Orc Gladiator)         Turns: 2308, Time: 00:03:39

Health: 0/46       AC:  7    Str: 19    XL:     5   Next: 33%
Magic:  5/5        EV: 11    Int:  8    God:
Gold:   125        SH:  0    Dex: 11    Spells: 0 memorised, 4 levels left

rFire  . . .     SeeInvis .     a - +0 war axe
rCold  . . .     Clarity  .     j - +0 ring mail (curse)
rNeg   . . .     SustAt   .     (no shield)
rPois  .         Gourm    .     c - +0 helmet
rElec  .         Spirit   .     o - +0 cloak
rCorr  .         Warding  .     (no gloves)
rMut   .         Stasis   .     (no boots)
MR     .....                    (no amulet)
Stlth  +.........               (no ring)
                                (no ring)

@: lethally poisoned (0 -> -2), not resistant to hostile enchantments, very
unstealthy
A: no striking features
a: no special abilities


You were on level 5 of the Dungeon.
You were hungry.

You visited 1 branch of the dungeon, and saw 5 of its levels.

You collected 125 gold pieces.

Inventory:

Hand Weapons
 a - a +0 war axe (weapon)
Missiles
 d - 3 throwing nets (quivered)
Armour
 c - a +0 helmet (worn)
 j - a cursed +0 ring mail (worn)
 o - a +0 cloak (worn)
 p - a +0 scale mail
Scrolls
 b - 2 scrolls of teleportation {unknown}
 h - 3 scrolls of amnesia {unknown}
 i - a scroll of identify {unknown}
 r - 2 scrolls of remove curse {unknown}
 s - a scroll of magic mapping {unknown}
 t - a scroll of noise {unknown}
 u - 2 scrolls of recharging {unknown}
Potions
 f - a potion of brilliance {unknown}
 k - a potion of magic {unknown}
 l - a potion of heal wounds {unknown}
 q - a potion of flight {unknown}
 v - a potion of degeneration {unknown}
 w - a potion of ambrosia {unknown}
 x - a potion of beneficial mutation {unknown}
Comestibles
 e - 4 bread rations
 g - 3 meat rations
 m - a beef jerky
 n - a royal jelly


   Skills:
 + Level 3.7 Fighting
 * Level 5.8 Axes
 - Level 1.7 Throwing
 + Level 2.0 Armour
 + Level 2.9 Dodging


You had 4 spell levels left.
You didn't know any spells.

Dungeon Overview and Level Annotations

Branches:
Dungeon (5/15)
 Temple: D:4-7

Altars:
Elyvilon
Gozag
Qazlal
Zin

Shops:
D:3 *

Annotations:
D:4 Pikel


Message History

You take 1 damage, and have 4/46 hp.
You barely miss the worker ant.
The worker ant is severely wounded.
The worker ant barely misses you.
You hit the worker ant but do no damage.
The worker ant is severely wounded.
* * * LOW HITPOINT WARNING * * *
You feel sick. The worker ant closely misses you.
The worker ant bites you but does no damage.
You take 1 damage, and have 3/46 hp.
You hit the worker ant but do no damage.
The worker ant is severely wounded.
The worker ant closely misses you.
You hit the worker ant.
The worker ant is severely wounded.
* * * LOW HITPOINT WARNING * * *
You feel sick. The worker ant bites you.
* * * LOW HITPOINT WARNING * * *
The worker ant bites you.
You die...

# # ## #..#... .#
.#.#.# #. .....#
#.###.#... . #.##....
#.####.##.a# #
#.......[@.#.###
##?.$..........
#....#.##.####
.##########.......#...
.#..................#.#
.#.# ####........##...#
...#######(#...#.## ...
...........##.##># .
##...########.# ..


You could see a worker ant.

Vanquished Creatures
  An orc wizard (D:5)
  A centaur skeleton (D:5)
  5 adders
  2 worms (D:2)
  A giant gecko (D:2)
  4 orcs (D:5)
  4 bats
  4 giant cockroaches
  6 goblins
  3 hobgoblins
  A quokka (D:2)
  A ball python (D:2)
  10 giant newts
  4 kobolds
  8 rats
55 creatures vanquished.

Notes
Turn   | Place    | Note
--------------------------------------------------------------
     0 | D:1      | Goblin1989 the Hill Orc Gladiator began the quest for the Orb.
     0 | D:1      | Reached XP level 1. HP: 18/18 MP: 1/1
   248 | D:1      | Reached XP level 2. HP: 23/25 MP: 2/2
   412 | D:1      | Reached skill level 1 in Armour
   854 | D:2      | Found a stormy altar of Qazlal.
   854 | D:2      | Found a white marble altar of Elyvilon.
   878 | D:2      | Reached XP level 3. HP: 30/30 MP: 3/3
  1133 | D:2      | Found a glowing silver altar of Zin.
  1198 | D:2      | Reached skill level 5 in Axes
  1198 | D:2      | Reached XP level 4. HP: 38/38 MP: 4/4
  1534 | D:3      | Found an opulent altar of Gozag.
  1534 | D:3      | Found Gozag's Platinum Reserve.
  2247 | D:4      | Noticed a slave
  2248 | D:4      | Noticed a slave
  2248 | D:4      | Noticed a slave
  2248 | D:4      | Noticed a slave
  2249 | D:4      | Noticed Pikel
  2255 | D:5      | Entered Level 5 of the Dungeon
  2273 | D:5      | Reached XP level 5. HP: 37/45 MP: 5/5
  2308 | D:5      | HP: 1/46 [worker ant (2)]
  2308 | D:5      | Slain by a worker ant

Action                   |  1- 3 |  4- 6 || total
-------------------------+-------+-------++-------
Melee: War axe           |    72 |    64 ||   136
  Eat: Chunk             |     1 |     3 ||     4
